EL
CHATTANOOGA LOOKOUTS @ PORTLAND SEA DOGS
07/15/2047
 
TOP OF THE 1ST
Chattanooga Lookouts batting - Pitching for Portland Sea Dogs : RHP Chris Cory
Pitching: RHP Chris Cory
Batting: SHB Ian Thompson 0-0: SINGLE (Groundball, 4D, EV 98.1 MPH)
Batting: RHB Andrew Nicol 0-0: Ball
1-0: Ball
2-0: Fly out, F8 (Flyball, 89D, EV 103.1 MPH)
Batting: SHB Dan Morataya 0-0: Ball
1-0: Swinging Strike
1-1: Swinging Strike
1-2: Strikes out looking
Batting: RHB Steve Raine 0-0: Called Strike
0-1: Ball
1-1: Ball
2-1: Ball
3-1: Foul Ball, location: 2F
3-2: Fly out, F7 (Line Drive, 7LM, EV 93.8 MPH)
Top of the 1st over - 0 runs, 1 hit, 0 errors, 1 left on base; Chattanooga 0 - Portland 0
BOTTOM OF THE 1ST
Portland Sea Dogs batting - Pitching for Chattanooga Lookouts : RHP Mike Moon
Pitching: RHP Mike Moon
Batting: RHB Matt Hinkle 0-0: Fly out, F7 (Line Drive, 7, EV 102.5 MPH)
Batting: SHB Ben Ervin 0-0: Swinging Strike
0-1: Ball
1-1: Foul Ball, location: 2F
1-2: Strikes out swinging
Batting: RHB Roberto Morales 0-0: Swinging Strike
0-1: Ball
1-1: Ground out 6-3 (Groundball, 6, EV 88.1 MPH)
Bottom of the 1st over - 0 runs, 0 hits, 0 errors, 0 left on base; Chattanooga 0 - Portland 0
TOP OF THE 2ND
Chattanooga Lookouts batting - Pitching for Portland Sea Dogs : RHP Chris Cory
Batting: RHB Michael McDonald 0-0: Called Strike
0-1: Ball
1-1: Ball
2-1: Ball
3-1: Fly out, F8 (Flyball, 8RD, EV 80.0 MPH)
Batting: LHB Mike Handrahan 0-0: Ball
1-0: Ground out 1-3 (Groundball, 13S, EV 73.8 MPH)
Batting: RHB Jose Gracia 0-0: Ground out 6-3 (Groundball, 6, EV 78.8 MPH)
Top of the 2nd over - 0 runs, 0 hits, 0 errors, 0 left on base; Chattanooga 0 - Portland 0
BOTTOM OF THE 2ND
Portland Sea Dogs batting - Pitching for Chattanooga Lookouts : RHP Mike Moon
Batting: LHB Noel Young 0-0: Ball
1-0: Ball
2-0: Foul Ball, location: 2F
2-1: Foul Ball, location: 2F
2-2: Strikes out swinging
Batting: RHB Sal Rivera 0-0: Ball
1-0: Ball
2-0: Called Strike
2-1: Swinging Strike
2-2: Foul Ball, location: 2F
2-2: Reached on error, E4 (Groundball, 4, EV 93.1 MPH)
Batting: LHB Frank Olivo 0-0: Fly out, F7 (Flyball, 7, EV 90.6 MPH)
Batting: RHB Zi-jing Wang 0-0: Called Strike
0-1: Foul Ball, location: 2F
0-2: Ball
1-2: Fly out, F9 (Flyball, 89D, EV 98.8 MPH)
Bottom of the 2nd over - 0 runs, 0 hits, 1 error, 1 left on base; Chattanooga 0 - Portland 0
TOP OF THE 3RD
Chattanooga Lookouts batting - Pitching for Portland Sea Dogs : RHP Chris Cory
Batting: RHB Dave Berry 0-0: Called Strike
0-1: Swinging Strike
0-2: Ball
1-2: Strikes out looking
Batting: RHB Jorge Corte 0-0: Called Strike
0-1: Foul Ball, location: 2F
0-2: Hit by Pitch
Batting: SHB Ian Thompson 0-0: Called Strike
0-1: Called Strike
0-2: Ball
1-2: Foul Ball, location: 2F
1-2: Strikes out swinging
Batting: RHB Andrew Nicol 0-0: Swinging Strike
0-1: Ball
1-1: Ball
2-1: Ground out 4-3 (Groundball, 4, EV 88.8 MPH)
Top of the 3rd over - 0 runs, 0 hits, 0 errors, 1 left on base; Chattanooga 0 - Portland 0
BOTTOM OF THE 3RD
Portland Sea Dogs batting - Pitching for Chattanooga Lookouts : RHP Mike Moon
Batting: RHB Alex Melendez 0-0: Swinging Strike
0-1: Ball
1-1: SINGLE (Groundball, 6MD, EV 103.1 MPH)
Batting: RHB Nick Cottrell 0-0: Ball
1-0: Ball
2-0: Foul Ball, location: 2F
2-1: Foul Ball, location: 2F
2-2: Foul Ball, location: 2F
2-2: Foul Ball, location: 2F
2-2: Reached on error, E5 (Groundball, 5, EV 91.9 MPH)
Alex Melendez to second
Batting: RHB Matt Hinkle 0-0: Called Strike
0-1: Called Strike
0-2: Ball
1-2: Foul Ball, location: 2F
1-2: Strikes out swinging
Batting: SHB Ben Ervin 0-0: Fielders Choice at 2nd, 5-4 (Groundball, 15, EV 82.5 MPH)
Alex Melendez to third
Batting: RHB Roberto Morales 0-0: Foul Ball, location: 2F
0-1: SINGLE (Groundball, 4MD, EV 105.0 MPH)
Alex Melendez scores
Ben Ervin to second
Runner from 2nd tries for 3rd, SAFE, throw by CF made to third
Batting: LHB Noel Young 0-0: Ball
1-0: Called Strike
1-1: Ball
2-1: Called Strike
2-2: Ground out U3 (Groundball, 34S, EV 76.2 MPH)
Bottom of the 3rd over - 1 run, 2 hits, 1 error, 2 left on base; Chattanooga 0 - Portland 1
TOP OF THE 4TH
Chattanooga Lookouts batting - Pitching for Portland Sea Dogs : RHP Chris Cory
Batting: SHB Dan Morataya 0-0: Ball
1-0: Ball
2-0: Foul Ball, location: 2F
2-1: Called Strike
2-2: Ground out 5-3 (Groundball, 5S, EV 83.8 MPH)
Batting: RHB Steve Raine 0-0: Ball
1-0: Foul Ball, location: 2F
1-1: Foul Ball, location: 2F
1-2: Foul Ball, location: 2F
1-2: Foul Ball, location: 2F
1-2: Foul Ball, location: 2F
1-2: Ball
2-2: Foul Ball, location: 2F
2-2: Ground out 5-3 (Groundball, 5S, EV 69.4 MPH)
Batting: RHB Michael McDonald 0-0: Ground out 3-1 (Groundball, 34, EV 86.2 MPH)
Top of the 4th over - 0 runs, 0 hits, 0 errors, 0 left on base; Chattanooga 0 - Portland 1
BOTTOM OF THE 4TH
Portland Sea Dogs batting - Pitching for Chattanooga Lookouts : RHP Mike Moon
Batting: RHB Sal Rivera 0-0: Called Strike
0-1: Foul Ball, location: 2F
0-2: Ball
1-2: SINGLE (Line Drive, 5D, EV 95.0 MPH)
Batting: LHB Frank Olivo 0-0: Grounds into double play, 6-4-3 (Groundball, 6, EV 90.0 MPH)
Batting: RHB Zi-jing Wang 0-0: Foul Ball, location: 2F
0-1: Ball
1-1: Called Strike
1-2: Ball
2-2: Foul Ball, location: 2F
2-2: Ball
3-2: Base on Balls
Batting: RHB Alex Melendez 0-0: Called Strike
0-1: Ball
1-1: Called Strike
1-2: Ball
2-2: SINGLE (Line Drive, 6D, EV 99.4 MPH)
Zi-jing Wang to second
Runner from 2nd tries for 3rd, SAFE, throw by LF made to third
Batting: RHB Nick Cottrell 0-0: Ball
1-0: Ball
2-0: Ball
3-0: Called Strike
3-1: Foul Ball, location: 2F
3-2: Fly out, F5 (Popup, 56, EV 70.0 MPH)
Bottom of the 4th over - 0 runs, 2 hits, 0 errors, 2 left on base; Chattanooga 0 - Portland 1
TOP OF THE 5TH
Chattanooga Lookouts batting - Pitching for Portland Sea Dogs : RHP Chris Cory
Batting: LHB Mike Handrahan 0-0: Ball
1-0: Ball
2-0: Called Strike
2-1: Ball
3-1: Swinging Strike
3-2: Strikes out swinging
Batting: RHB Jose Gracia 0-0: Ball
1-0: Foul Ball, location: 2F
1-1: Ball
2-1: Foul Ball, location: 2F
2-2: Ground out 5-3 (Groundball, 56, EV 81.2 MPH)
Batting: RHB Dave Berry 0-0: Ball
1-0: Ball
2-0: Ground out 5-3 (Groundball, 56, EV 108.8 MPH)
Top of the 5th over - 0 runs, 0 hits, 0 errors, 0 left on base; Chattanooga 0 - Portland 1
BOTTOM OF THE 5TH
Portland Sea Dogs batting - Pitching for Chattanooga Lookouts : RHP Mike Moon
Batting: RHB Matt Hinkle 0-0: Foul Ball, location: 2F
0-1: Ball
1-1: Ball
2-1: SINGLE (Groundball, 6MD, EV 96.2 MPH)
Batting: SHB Ben Ervin 0-0: Ball
1-0: Ball
2-0: Ball
Passed Ball!
Matt Hinkle to second
3-0: Called Strike
3-1: Called Strike
3-2: SINGLE (Groundball, 34S, EV 66.9 MPH) (infield hit)
Matt Hinkle to third
Batting: RHB Roberto Morales 0-0: Ball
1-0: Foul Ball, location: 2F
1-1: SINGLE (Line Drive, 34D, EV 103.8 MPH)
Matt Hinkle scores
Ben Ervin to second
Batting: LHB Noel Young 0-0: Ball
1-0: Ball
2-0: Ball
3-0: Base on Balls
Ben Ervin to third
Roberto Morales to second
Batting: RHB Sal Rivera 0-0: Foul Ball, location: 2F
0-1: Called Strike
0-2: Foul Ball, location: 2F
0-2: SINGLE (Flyball, 78S, EV 85.6 MPH)
Ben Ervin scores
Roberto Morales to third
Noel Young to second
Runner from 3rd tries for Home, SAFE, throw by LF to home
Batting: LHB Frank Olivo 0-0: Ball
1-0: Foul Ball, location: 2F
1-1: Ball
2-1: SINGLE (Groundball, 6MD, EV 103.1 MPH)
Noel Young to third
Sal Rivera to second
Runner from 3rd tries for Home, SAFE, throw by CF to home
Pitching: RHP John Morrison
Batting: RHB Zi-jing Wang 0-0: Fly out, F9 (Flyball, 9S, EV 80.6 MPH)
Batting: RHB Alex Melendez 0-0: Called Strike
0-1: Fielders Choice at 2nd, 6-4 (Groundball, 6, EV 83.1 MPH)
Sal Rivera to third
Batting: RHB Nick Cottrell 0-0: Called Strike
0-1: Ball
1-1: SINGLE (Groundball, 6MD, EV 93.8 MPH)
Sal Rivera scores
Alex Melendez to second
Runner from 2nd tries for 3rd, SAFE, no throw by CF
Batting: RHB Matt Hinkle 0-0: Called Strike
0-1: Ball
1-1: Ball
2-1: SINGLE (Line Drive, 7S, EV 103.1 MPH)
Alex Melendez scores
Nick Cottrell to second
Batting: SHB Ben Ervin 0-0: Ball
1-0: Ball
2-0: Fly out, F9 (Flyball, 9D, EV 104.4 MPH)
Bottom of the 5th over - 6 runs, 7 hits, 0 errors, 2 left on base; Chattanooga 0 - Portland 7
TOP OF THE 6TH
Chattanooga Lookouts batting - Pitching for Portland Sea Dogs : RHP Chris Cory
Batting: RHB Jorge Corte 0-0: SINGLE (Line Drive, 6MD, EV 94.4 MPH)
Batting: SHB Ian Thompson 0-0: Ball
1-0: Ball
2-0: Called Strike
2-1: Ball
3-1: Swinging Strike
3-2: Ground out 6-3 (Groundball, 4, EV 78.8 MPH)
Jorge Corte to second
Batting: RHB Andrew Nicol 0-0: Called Strike
0-1: Ball
1-1: Ball
2-1: Ball
3-1: Fly out, F8 (Line Drive, 8LD, EV 90.0 MPH)
Batting: SHB Dan Morataya 0-0: Called Strike
0-1: Ball
1-1: Foul Ball, location: 2F
1-2: Ball
2-2: Ball
3-2: SINGLE (Line Drive, 6D, EV 96.2 MPH)
Jorge Corte to third
Runner from 3rd tries for Home, SAFE, throw by CF to home
Batting: RHB Steve Raine 0-0: Called Strike
0-1: Foul Ball, location: 2F
0-2: Foul Ball, location: 2F
0-2: Ball
1-2: Ground out 6-3 (Groundball, 6, EV 100.0 MPH)
Top of the 6th over - 1 run, 2 hits, 0 errors, 1 left on base; Chattanooga 1 - Portland 7
BOTTOM OF THE 6TH
Portland Sea Dogs batting - Pitching for Chattanooga Lookouts : RHP John Morrison
Batting: RHB Roberto Morales 0-0: Ball
1-0: Foul Ball, location: 2F
1-1: Swinging Strike
1-2: Ball
2-2: Fly out, F8 (Flyball, 8LS, EV 93.1 MPH)
Batting: LHB Noel Young 0-0: Ball
1-0: Swinging Strike
1-1: Swinging Strike
1-2: Ball
2-2: Ball
3-2: Ground out U3 (Groundball, 3, EV 88.1 MPH)
Batting: RHB Sal Rivera 0-0: Called Strike
0-1: Ball
1-1: Ball
2-1: Called Strike
2-2: Strikes out swinging
Bottom of the 6th over - 0 runs, 0 hits, 0 errors, 0 left on base; Chattanooga 1 - Portland 7
TOP OF THE 7TH
Chattanooga Lookouts batting - Pitching for Portland Sea Dogs : RHP Chris Cory
Pitching: LHP Jon Convery
Batting: RHB Michael McDonald 0-0: Foul Ball, location: 2F
0-1: Ball
1-1: Ball
2-1: Ball
3-1: Base on Balls
Batting: LHB Mike Handrahan 0-0: Called Strike
0-1: Grounds into double play, 5-6-3 (Groundball, 56, EV 88.1 MPH)
Batting: RHB Jose Gracia 0-0: Ball
1-0: Foul Ball, location: 2F
1-1: Swinging Strike
1-2: Fly out, F7 (Flyball, 78M, EV 80.6 MPH)
Top of the 7th over - 0 runs, 0 hits, 0 errors, 0 left on base; Chattanooga 1 - Portland 7
BOTTOM OF THE 7TH
Portland Sea Dogs batting - Pitching for Chattanooga Lookouts : RHP John Morrison
Batting: LHB Frank Olivo 0-0: SINGLE (Line Drive, 5D, EV 98.8 MPH)
Batting: RHB Zi-jing Wang 0-0: Ball
1-0: Grounds into double play, 6-4-3 (Groundball, 6, EV 81.2 MPH)
Batting: RHB Alex Melendez 0-0: Foul Ball, location: 2F
0-1: Ground out 4-3 (Groundball, 4, EV 82.5 MPH)
Bottom of the 7th over - 0 runs, 1 hit, 0 errors, 0 left on base; Chattanooga 1 - Portland 7
TOP OF THE 8TH
Chattanooga Lookouts batting - Pitching for Portland Sea Dogs : LHP Jon Convery
Batting: RHB Dave Berry 0-0: Called Strike
0-1: Ball
1-1: Called Strike
1-2: Ball
2-2: Strikes out swinging
Batting: RHB Jorge Corte 0-0: Ball
1-0: Called Strike
1-1: Foul Ball, location: 2F
1-2: Strikes out swinging
Batting: SHB Ian Thompson 0-0: Foul Ball, location: 2F
0-1: Foul Ball, location: 2F
0-2: Foul Ball, location: 2F
0-2: Ball
1-2: Foul Ball, location: 2F
1-2: Ball
2-2: Strikes out swinging
Top of the 8th over - 0 runs, 0 hits, 0 errors, 0 left on base; Chattanooga 1 - Portland 7
BOTTOM OF THE 8TH
Portland Sea Dogs batting - Pitching for Chattanooga Lookouts : RHP John Morrison
Batting: RHB Nick Cottrell 0-0: Fly out, F8 (Line Drive, 89M, EV 88.8 MPH)
Batting: RHB Matt Hinkle 0-0: Called Strike
0-1: SOLO HOME RUN (Flyball, 7D, EV 102.5 MPH), Distance : 386 ft
Batting: SHB Ben Ervin 0-0: Ball
1-0: Called Strike
1-1: SINGLE (Flyball, 6D, EV 83.1 MPH)
Batting: RHB Roberto Morales 0-0: Ball
1-0: Called Strike
1-1: SINGLE (Flyball, 8LS, EV 93.1 MPH)
Ben Ervin to second
Batting: LHB Noel Young 0-0: Called Strike
0-1: Foul Ball, location: 2F
0-2: Foul Ball, location: 2F
0-2: Ball
1-2: Foul Ball, location: 2F
1-2: Foul Ball, location: 2F
1-2: Ball
2-2: Ball
3-2: 3-RUN HOME RUN (Flyball, 9D, EV 97.5 MPH), Distance : 369 ft
Batting: RHB Sal Rivera 0-0: Called Strike
0-1: Foul Ball, location: 2F
0-2: Ball
1-2: Ball
2-2: Foul Ball, location: 2F
2-2: Foul Ball, location: 2F
2-2: Foul Ball, location: 2F
2-2: Ball
3-2: Foul Ball, location: 2F
3-2: Foul Ball, location: 2F
3-2: Base on Balls
Pitching: RHP Justin Gorden
Batting: LHB Frank Olivo 0-0: Ball
1-0: Called Strike
1-1: Foul Ball, location: 2F
1-2: Ball
2-2: Strikes out swinging
Batting: RHB Zi-jing Wang 0-0: Called Strike
0-1: Ball
1-1: Ball
2-1: Ball
3-1: Called Strike
3-2: SINGLE (Groundball, 23, EV 75.6 MPH) (infield hit)
Sal Rivera to second
Batting: RHB Alex Melendez 0-0: Called Strike
0-1: Ball
1-1: Called Strike
1-2: Fielders Choice at 2nd, 6-4 (Groundball, 6, EV 86.9 MPH)
Bottom of the 8th over - 4 runs, 5 hits, 0 errors, 2 left on base; Chattanooga 1 - Portland 11
TOP OF THE 9TH
Chattanooga Lookouts batting - Pitching for Portland Sea Dogs : LHP Jon Convery
Batting: RHB Andrew Nicol 0-0: Called Strike
0-1: Ball
1-1: Called Strike
1-2: Strikes out swinging
Batting: SHB Dan Morataya 0-0: Called Strike
0-1: Ball
1-1: Foul Ball, location: 2F
1-2: Ball
2-2: Ball
3-2: Base on Balls
Pitching: RHP Pedro Torres
Batting: RHB Steve Raine 0-0: Called Strike
0-1: Ball
1-1: Ball
2-1: DOUBLE (Line Drive, 5D, EV 98.8 MPH)
Dan Morataya to third
Pinch Hitting: RHB Graham Calvert 0-0: Called Strike
0-1: Swinging Strike
0-2: Ball
1-2: Fly out, F7 (Flyball, 7LM, EV 90.6 MPH)
Runner from 3rd tags up, SCORES, no throw by LF
Batting: LHB Mike Handrahan 0-0: Fly out, F7 (Flyball, 7S, EV 74.4 MPH)
Top of the 9th over - 1 run, 1 hit, 0 errors, 1 left on base; Chattanooga 2 - Portland 11
Thursday, December 15th , 2022 - OOTP Baseball 23.9 Build 102